Map: Ascension to Aiur LE

Players

hurdler - Winner!

  • Race: Zerg Zerg
  • League: Diamond
  • Spawn Location: 5:00

Chadicus

  • Race: Protoss Protoss
  • League: Diamond
  • Spawn Location: 11:00

VOD

Have the link to the VOD?

Description

Time

  • Played on: Nov. 24, 2017, 7:28 p.m.
  • Length: 9:53
Show
View Real Time Build Order
Export as new Build Order

hurdler Zerg - Winner!

Build Orders: Hatch First 

Get SALT Encoding   

  12  0:01  Drone  
  13  0:12  Overlord  
  13  0:17  Drone  
  14  0:30  Drone x2  
  14  0:34  Drone  
  17  0:55  Hatchery  
  16  0:58  Drone  
  16  1:01  Drone  
  18  1:11  Extractor  
  17  1:20  Spawning Pool  
  17  1:21  Drone  
  17  1:24  Drone  
  18  1:28  Drone  
  19  2:03  Overlord  
  19  2:07  Queen  
  21  2:09  Queen  
  21  2:11  Drone  
  24  2:16  Zergling x2  
  25  2:32  Drone  
  27  2:37  Drone  
  27  2:39  Drone x2  
  27  2:40  Spine Crawler  
  27  2:43  Overlord  
  28  2:45  Queen  
  30  2:57  Spine Crawler  
  29  3:01  Spine Crawler  
  28  3:10  Spine Crawler  
  27  3:13  Spore Crawler  
  27  3:14  Zergling x6  
  27  3:19  Metabolic Boost  
  29  3:32  Spine Crawler  
  28  3:45  Zergling x6  
  31  4:10  Queen  
  33  4:26  Drone x2  
  33  4:27  Drone x2  
  33  4:31  Spore Crawler  
  24  4:46  Zergling x4, Queen  
  24  4:50  Spawning Pool  
  20  6:35  Drone  
  21  6:47  Hatchery  
  17  7:22  Drone x2  
  19  7:23  Drone x3  
  22  7:35  Hatchery  
  21  7:51  Extractor  
  20  7:53  Roach Warren  
  20  7:55  Overlord x3  
  19  8:11  Zergling x6  
  22  8:33  Zergling x8  
  24  8:57  Zergling x10  
  27  9:23  Zergling x10, Roach x3  
  36  9:29  Drone  
  35  9:35  Drone x2  
  37  9:50  Hatchery  
Show
View Real Time Build Order
Export as new Build Order

Chadicus Protoss 

Build Orders:  

Get SALT Encoding   

  12  0:02  Probe  
  13  0:21  Pylon  
  13  0:30  Pylon  
  13  0:32  Probe  
  14  0:44  Probe  
  15  0:51  Gateway  
  15  0:56  Forge, Probe  
  16  1:07  Assimilator  
  16  1:08  Probe  
  17  1:20  Probe  
  19  1:32  Probe  
  19  1:39  Cybernetics Core  
  19  1:44  Probe  
  20  1:48  Pylon  
  20  1:57  Probe  
  21  2:09  Assimilator, Probe  
  22  2:16  Warp Gate (Chrono Boost)  
  22  2:20  Gateway  
  22  2:25  Gateway  
  22  2:28  Photon Cannon  
  22  2:31  Pylon  
  22  2:45  Gateway  
  22  2:51  Gateway  
  22  3:46  Adept x4  
  30  3:54  Pylon  
  30  4:08  Pylon  
  30  4:09  Photon Cannon  
  30  4:14  Stalker x2  
  30  4:15  Stalker x2  
  38  4:31  Pylon  
  38  4:47  Pylon  
  38  4:48  Pylon  
  38  4:50  Pylon  
  38  5:12  Forge  
  38  5:20  Gateway  
  37  5:21  Gateway  
  37  5:24  Gateway  
  37  5:28  Pylon  
  37  5:31  Pylon  
  37  5:41  Pylon  
  37  5:46  Pylon  
  33  6:45  Pylon  
  33  6:49  Pylon  
  13  8:07  Forge  
  13  8:08  Gateway  
  13  8:11  Gateway  
  13  8:14  Gateway  
  13  8:16  Gateway  
  13  8:19  Pylon  
  13  8:32  Gateway  
  13  8:33  Probe (Chrono Boost)  
  15  8:44  Photon Cannon  
  15  8:45  Probe (Chrono Boost)  
  15  8:47  Probe  
  16  8:49  Photon Cannon  
  16  8:59  Probe  
  11  9:09  Zealot  
  6  9:11  Zealot x2, Probe  
  6  9:12  Zealot  
Tags
 
Add a new tag
Caveats
  • Supply blocks, unpowered buildings, or Contaminate may cause inaccurate times.
  • Supply counts are checked every 10 seconds.